General information
- name: BNet
- type: Ladder team game (AT/RT)
- host: Battle.net
- saver: dogsandhorse.ru
map: Monsoon
- players: 6
- length: 44:31
- speed: Fast
- version: 1.21 W3XP
- replay type:

» download(365 KB)
Players
team 1 (loser)
All-in. (
pink | 118 APM | 5238 actions | 44:30)
8 Mountain King
3 Storm Bolt
3 Thunder Clap
1 Avatar
1 Bash
7 Paladin
3 Holy Light
3 Divine Shield
1 Resurrection
» actions
| Assign group hotkey | 75 | |
| Basic commands | 346 | |
| Build / train | 122 | |
| ESC pressed | 5 | |
| Enter build submenu | 39 | |
| Enter hero's abilities submenu | 15 | |
| Give item / drop item | 15 | |
| Right click | 2388 | |
| Select / deselect | 887 | |
| Select group hotkey | 1025 | |
| Use ability | 321 | |
5238 total
» units
| Peasant | 21 | |
| Footman | 7 | |
| Gryphon Rider | 9 | |
| Dragonhawk Rider | 17 | |
54 total
» upgrades
| Lumber Harvesting | 2 | |
| Swords | 3 | |
| Animal War Training | 1 | |
| Cloud | 1 | |
| Storm Hammers | 1 | |
| Armor | 3 | |
11 total
» buildings
| Altar of Kings | 1 | |
| Barracks | 1 | |
| Farm | 14 | |
| Scout Tower | 8 | |
| Lumber Mill | 1 | |
| Arcane Vault | 1 | |
| Town Hall | 2 | |
| Keep | 1 | |
| Blacksmith | 1 | |
| Castle | 2 | |
| Guard Tower | 6 | |
| Gryphon Aviary | 3 | |
41 total
» build order
00:04 Altar of Kings
00:22 Barracks
00:34 Farm
00:56 Farm
01:46 Farm
01:50 Scout Tower
01:55 Scout Tower
02:45 Lumber Mill
02:47 Arcane Vault
03:08 Town Hall
04:05 Keep
04:31 Town Hall
04:56 Blacksmith
06:38 Farm
06:55 Scout Tower
06:57 Scout Tower
07:25 Castle
07:30 Scout Tower
07:48 Scout Tower
08:11 Guard Tower
08:15 Scout Tower
08:16 Scout Tower
08:17 Guard Tower
08:18 Guard Tower
08:27 Farm
08:28 Farm
08:47 Guard Tower
09:07 Farm
09:13 Gryphon Aviary
09:15 Gryphon Aviary
09:40 Gryphon Aviary
11:16 Farm
11:20 Farm
13:17 Farm
13:18 Farm
21:41 Farm
21:42 Farm
21:44 Farm
» items
| Lesser Clarity Potion | 5 | |
| Scroll of Regeneration | 2 | |
| Potion of Lesser Invulnerability | 1 | |
| Periapt of Vitality | 1 | |
| Potion of Mana | 7 | |
| Potion of Healing | 4 | |
| Scroll of Healing | 2 | |
| Orb of Fire | 1 | |
| Scroll of Town Portal | 1 | |
24 total
PatKuLa- (
blue | 61 APM | 2554 actions | 42:05)
8 Demon Hunter
3 Mana Burn
3 Evasion
1 Metamorphosis
1 Immolation
» actions
| Assign group hotkey | 16 | |
| Basic commands | 192 | |
| Build / train | 108 | |
| ESC pressed | 2 | |
| Enter build submenu | 21 | |
| Enter hero's abilities submenu | 8 | |
| Give item / drop item | 2 | |
| Remove unit from queue | 2 | |
| Right click | 1490 | |
| Select / deselect | 329 | |
| Select group hotkey | 294 | |
| Use ability | 90 | |
2554 total
» units
» upgrades
| Strength of the Wild | 3 | |
| Reinforced Hides | 2 | |
| Ultravision | 1 | |
| Corrosive Breath | 1 | |
| Well Spring | 1 | |
8 total
» buildings
| Altar of Elders | 1 | |
| Moon Well | 9 | |
| Tree of Life | 5 | |
| Ancient of Wonders | 1 | |
| Tree of Ages | 2 | |
| Tree of Eternity | 3 | |
| Hunter's Hall | 1 | |
| Ancient of Wind | 1 | |
| Chimaera Roost | 3 | |
26 total
» build order
00:23 Altar of Elders
00:33 Moon Well
04:20 Tree of Life
05:15 Tree of Life
09:24 Tree of Life
09:56 Ancient of Wonders
10:30 Tree of Ages
14:45 Tree of Eternity
14:45 Tree of Eternity
14:50 Hunter's Hall
14:52 Ancient of Wind
15:24 Moon Well
15:26 Moon Well
15:30 Moon Well
15:32 Moon Well
16:22 Moon Well
16:33 Moon Well
17:12 Moon Well
17:15 Chimaera Roost
17:24 Chimaera Roost
17:25 Chimaera Roost
21:30 Tree of Life
21:41 Moon Well
31:36 Tree of Life
» items
| Boots of Speed | 1 | |
| Staff of Teleportation | 1 | |
| Dust of Appearance | 2 | |
| Lesser Clarity Potion | 2 | |
| Potion of Lesser Invulnerability | 1 | |
| Orb of Venom | 1 | |
| Scroll of Town Portal | 2 | |
| Staff of Preservation | 1 | |
11 total
PositiveEnergy (
red | 122 APM | 4881 actions | 40:01)
8 Dreadlord
3 Vampiric Aura
3 Sleep
1 Inferno
1 Carrion Swarm
» actions
| Assign group hotkey | 60 | |
| Basic commands | 9 | |
| Build / train | 103 | |
| ESC pressed | 6 | |
| Enter build submenu | 30 | |
| Enter hero's abilities submenu | 8 | |
| Give item / drop item | 5 | |
| Right click | 2560 | |
| Select / deselect | 631 | |
| Select group hotkey | 1290 | |
| Use ability | 179 | |
4881 total
» units
| Acolyte | 9 | |
| Ghoul | 13 | |
| Frost Wyrm | 6 | |
| Crypt Fiend | 16 | |
| Banshee | 3 | |
| Meatwagon | 3 | |
50 total
» upgrades
| Cannibalize | 1 | |
| Ghoul Frenzy | 1 | |
| Creature Attack | 3 | |
| Banshee Training | 2 | |
| Creature Carapace | 3 | |
| Freezing Breath | 1 | |
| Web | 1 | |
12 total
» buildings
| Altar of Darkness | 1 | |
| Ziggurat | 10 | |
| Crypt | 2 | |
| Tomb of Relics | 1 | |
| Halls of the Dead | 5 | |
| Graveyard | 1 | |
| Sacrificial Pit | 1 | |
| Black Citadel | 2 | |
| Temple of the Damned | 1 | |
| Boneyard | 3 | |
| Slaughterhouse | 2 | |
29 total
» build order
00:06 Altar of Darkness
00:08 Ziggurat
00:26 Crypt
00:46 Tomb of Relics
00:50 Ziggurat
02:01 Halls of the Dead
02:02 Halls of the Dead
02:02 Halls of the Dead
02:02 Halls of the Dead
02:42 Ziggurat
03:16 Crypt
03:30 Ziggurat
04:20 Graveyard
04:35 Sacrificial Pit
04:51 Black Citadel
04:52 Black Citadel
05:51 Temple of the Damned
07:38 Boneyard
07:39 Boneyard
08:20 Boneyard
08:24 Ziggurat
09:29 Ziggurat
11:25 Ziggurat
11:29 Ziggurat
13:28 Ziggurat
18:46 Slaughterhouse
19:32 Slaughterhouse
34:54 Ziggurat
» items
| Rod of Necromancy | 2 | |
| Potion of Healing | 3 | |
| Dust of Appearance | 4 | |
| Scroll of Town Portal | 5 | |
| Scroll of Healing | 2 | |
| Scroll of Protection | 2 | |
| Orb of Corruption | 1 | |
| Potion of Lesser Invulnerability | 1 | |
20 total
team 2 (winner)
dogsandhorse.ru (
green | 108 APM | 4818 actions | 44:31)
8 Blademaster
3 Wind Walk
3 Critical Strike
1 Bladestorm
1 Mirror Image
» actions
| Assign group hotkey | 19 | |
| Basic commands | 6 | |
| Build / train | 148 | |
| Enter build submenu | 71 | |
| Enter hero's abilities submenu | 8 | |
| Give item / drop item | 7 | |
| Remove unit from queue | 21 | |
| Right click | 2934 | |
| Select / deselect | 527 | |
| Select group hotkey | 756 | |
| Use ability | 321 | |
4818 total
» units
| Peon | 23 | |
| Troll Batrider | 62 | |
| Raider | -11 | |
| Kodo Beast | -3 | |
71 total
» upgrades
| Spiked Barricades | 1 | |
| Liquid Fire | 1 | |
| Armor | 3 | |
| Reinforced Defenses | 1 | |
| Ranged Weapons | 2 | |
8 total
» buildings
| Orc Burrow | 9 | |
| War Mill | 2 | |
| Altar of Storms | 2 | |
| Watch Tower | 47 | |
| Voodoo Lounge | 2 | |
| Stronghold | 1 | |
| Great Hall | 2 | |
| Beastiary | 6 | |
| Fortress | 2 | |
73 total
» build order
00:13 Orc Burrow
00:23 War Mill
00:43 Altar of Storms
01:44 Watch Tower
02:08 Watch Tower
04:04 Watch Tower
04:05 Watch Tower
04:22 Watch Tower
04:24 Watch Tower
04:33 Voodoo Lounge
04:46 Watch Tower
04:48 Watch Tower
04:49 Stronghold
06:14 Great Hall
06:36 Watch Tower
06:45 Watch Tower
07:36 Beastiary
07:56 Beastiary
08:22 Beastiary
08:26 Orc Burrow
08:29 Orc Burrow
08:45 Watch Tower
08:48 Watch Tower
09:27 Orc Burrow
10:05 Fortress
10:05 Fortress
10:27 Watch Tower
10:44 Watch Tower
11:19 Watch Tower
12:22 Watch Tower
12:24 Watch Tower
12:59 Watch Tower
13:01 Watch Tower
13:03 Watch Tower
13:06 Watch Tower
13:33 Watch Tower
13:37 Watch Tower
13:38 Watch Tower
16:21 Watch Tower
19:05 Watch Tower
19:07 Watch Tower
19:52 Great Hall
19:57 Watch Tower
21:34 Watch Tower
21:36 Watch Tower
21:38 Watch Tower
21:45 Watch Tower
21:47 Watch Tower
21:48 Watch Tower
22:50 Watch Tower
22:51 Watch Tower
24:44 Beastiary
31:06 Watch Tower
33:25 Beastiary
33:25 Beastiary
34:29 Voodoo Lounge
34:32 War Mill
34:38 Orc Burrow
35:36 Orc Burrow
35:40 Orc Burrow
36:05 Orc Burrow
36:13 Watch Tower
36:15 Watch Tower
36:16 Watch Tower
36:17 Watch Tower
36:19 Watch Tower
36:20 Watch Tower
36:20 Watch Tower
36:22 Watch Tower
36:52 Orc Burrow
38:14 Altar of Storms
38:38 Watch Tower
38:43 Watch Tower
» items
| Healing Salve | 5 | |
| Lesser Clarity Potion | 19 | |
| Scroll of Town Portal | 4 | |
| Boots of Speed | 1 | |
| Staff of Teleportation | 1 | |
| Potion of Healing | 3 | |
33 total
iggy_the_fisk (
purple | 116 APM | 5149 actions | 44:30)
4 Archmage
2 Blizzard
2 Brilliance Aura
5 Pandaren Brewmaster
3 Breath of Fire
1 Drunken Haze
1 Drunken Brawler
4 Mountain King
2 Storm Bolt
2 Bash
» actions
| Assign group hotkey | 156 | |
| Basic commands | 14 | |
| Build / train | 155 | |
| Enter build submenu | 79 | |
| Enter hero's abilities submenu | 13 | |
| Give item / drop item | 2 | |
| Remove unit from queue | 7 | |
| Right click | 2767 | |
| Select / deselect | 463 | |
| Select group hotkey | 1196 | |
| Use ability | 297 | |
5149 total
» units
| Peasant | 23 | |
| Dragonhawk Rider | 12 | |
35 total
» upgrades
| Masonry | 3 | |
| Lumber Harvesting | 2 | |
| Magic Sentry | 1 | |
| Swords | 3 | |
| Armor | 3 | |
| Animal War Training | 1 | |
13 total
» buildings
| Altar of Kings | 3 | |
| Lumber Mill | 2 | |
| Farm | 12 | |
| Scout Tower | 59 | |
| Arcane Tower | 4 | |
| Guard Tower | 36 | |
| Keep | 1 | |
| Arcane Vault | 2 | |
| Town Hall | 1 | |
| Castle | 1 | |
| Arcane Sanctum | 1 | |
| Gryphon Aviary | 2 | |
| Blacksmith | 1 | |
| Barracks | 1 | |
126 total
» build order
00:04 Altar of Kings
00:18 Lumber Mill
00:26 Farm
01:12 Scout Tower
01:21 Farm
01:30 Scout Tower
01:41 Arcane Tower
01:45 Scout Tower
02:02 Guard Tower
02:02 Guard Tower
02:03 Guard Tower
02:19 Guard Tower
02:22 Scout Tower
02:30 Scout Tower
02:55 Guard Tower
02:56 Scout Tower
02:58 Guard Tower
03:01 Scout Tower
03:55 Keep
03:58 Guard Tower
04:00 Scout Tower
04:05 Scout Tower
04:28 Guard Tower
04:35 Arcane Vault
05:07 Guard Tower
05:12 Scout Tower
05:23 Farm
05:25 Farm
05:51 Town Hall
07:08 Guard Tower
07:09 Scout Tower
07:13 Scout Tower
07:39 Guard Tower
07:42 Scout Tower
07:42 Scout Tower
08:15 Castle
08:25 Scout Tower
08:43 Guard Tower
08:44 Scout Tower
08:45 Scout Tower
08:46 Guard Tower
08:57 Scout Tower
08:58 Scout Tower
09:00 Guard Tower
09:01 Scout Tower
09:03 Scout Tower
09:22 Guard Tower
10:00 Guard Tower
10:09 Arcane Sanctum
10:55 Guard Tower
10:57 Guard Tower
10:58 Scout Tower
11:01 Scout Tower
11:01 Scout Tower
12:00 Gryphon Aviary
12:42 Guard Tower
12:44 Scout Tower
12:54 Arcane Vault
13:13 Guard Tower
13:14 Scout Tower
13:23 Scout Tower
13:25 Scout Tower
13:28 Scout Tower
13:43 Arcane Tower
14:13 Blacksmith
15:21 Scout Tower
15:22 Scout Tower
15:28 Arcane Tower
15:37 Scout Tower
15:38 Scout Tower
15:44 Farm
15:48 Arcane Tower
16:17 Guard Tower
17:56 Guard Tower
17:59 Scout Tower
18:00 Scout Tower
18:11 Guard Tower
18:48 Barracks
19:02 Guard Tower
19:03 Guard Tower
19:05 Scout Tower
19:06 Scout Tower
19:08 Scout Tower
19:09 Scout Tower
19:36 Guard Tower
21:20 Guard Tower
24:51 Scout Tower
24:53 Scout Tower
25:18 Guard Tower
25:19 Scout Tower
25:20 Guard Tower
25:20 Guard Tower
25:23 Scout Tower
25:25 Scout Tower
25:26 Scout Tower
25:28 Scout Tower
25:46 Scout Tower
25:47 Scout Tower
25:47 Scout Tower
25:50 Guard Tower
25:52 Guard Tower
25:54 Scout Tower
25:57 Scout Tower
25:58 Scout Tower
26:02 Guard Tower
26:04 Scout Tower
26:15 Scout Tower
26:16 Scout Tower
26:19 Scout Tower
26:19 Scout Tower
26:20 Scout Tower
26:22 Scout Tower
26:29 Guard Tower
26:50 Guard Tower
27:50 Gryphon Aviary
27:57 Farm
27:58 Farm
28:03 Farm
28:11 Farm
29:17 Lumber Mill
31:05 Altar of Kings
35:46 Altar of Kings
36:14 Farm
36:15 Farm
36:17 Farm
» items
| Staff of Teleportation | 3 | |
| Healing Salve | 1 | |
| Scroll of Regeneration | 6 | |
| Scroll of Town Portal | 12 | |
| Boots of Speed | 2 | |
| Staff of Sanctuary | 3 | |
| Orb of Lightning | 4 | |
| Potion of Healing | 2 | |
| Lesser Clarity Potion | 2 | |
35 total
TIMG4STRok (
teal | 77 APM | 3413 actions | 44:31)
3 Blood Mage
2 Flame Strike
1 Siphon Mana
4 Mountain King
2 Storm Bolt
2 Bash
» actions
| Assign group hotkey | 36 | |
| Basic commands | 35 | |
| Build / train | 172 | |
| ESC pressed | 5 | |
| Enter build submenu | 86 | |
| Enter hero's abilities submenu | 7 | |
| Give item / drop item | 3 | |
| Remove unit from queue | 1 | |
| Right click | 1643 | |
| Select / deselect | 409 | |
| Select group hotkey | 685 | |
| Use ability | 331 | |
3413 total
» units
| Peasant | 19 | |
| Dragonhawk Rider | 43 | |
| Priest | 1 | |
63 total
» upgrades
| Masonry | 3 | |
| Lumber Harvesting | 2 | |
| Magic Sentry | 1 | |
| Armor | 3 | |
| Swords | 3 | |
| Animal War Training | 1 | |
| Cloud | 1 | |
| Priest Training | 1 | |
15 total
» buildings
| Lumber Mill | 2 | |
| Altar of Kings | 1 | |
| Farm | 10 | |
| Scout Tower | 82 | |
| Arcane Tower | 1 | |
| Guard Tower | 48 | |
| Keep | 1 | |
| Town Hall | 4 | |
| Arcane Vault | 1 | |
| Arcane Sanctum | 1 | |
| Gryphon Aviary | 1 | |
| Blacksmith | 1 | |
| Castle | 1 | |
| Barracks | 1 | |
155 total
» build order
00:18 Lumber Mill
00:36 Altar of Kings
00:42 Farm
01:34 Scout Tower
01:46 Scout Tower
01:56 Farm
02:03 Arcane Tower
02:05 Scout Tower
02:19 Guard Tower
02:37 Guard Tower
02:54 Scout Tower
02:56 Scout Tower
03:48 Guard Tower
03:51 Scout Tower
03:52 Scout Tower
04:13 Scout Tower
04:22 Guard Tower
04:25 Scout Tower
04:43 Guard Tower
04:45 Scout Tower
04:57 Guard Tower
04:59 Scout Tower
05:15 Scout Tower
05:17 Guard Tower
05:20 Keep
05:34 Guard Tower
06:12 Town Hall
06:18 Guard Tower
06:24 Scout Tower
06:53 Scout Tower
06:53 Scout Tower
07:24 Guard Tower
07:26 Scout Tower
07:27 Scout Tower
07:34 Guard Tower
07:35 Arcane Vault
08:11 Guard Tower
08:14 Guard Tower
08:21 Guard Tower
08:46 Scout Tower
08:59 Scout Tower
09:03 Scout Tower
09:21 Guard Tower
09:23 Scout Tower
09:27 Scout Tower
09:32 Guard Tower
09:49 Guard Tower
09:52 Arcane Sanctum
10:15 Guard Tower
10:20 Guard Tower
10:22 Scout Tower
10:50 Guard Tower
10:53 Scout Tower
10:54 Scout Tower
10:55 Scout Tower
10:56 Scout Tower
10:58 Scout Tower
11:03 Scout Tower
11:05 Scout Tower
11:08 Gryphon Aviary
11:13 Blacksmith
12:14 Guard Tower
13:04 Farm
13:04 Farm
13:08 Castle
13:09 Barracks
13:12 Scout Tower
13:14 Scout Tower
13:19 Guard Tower
13:36 Guard Tower
14:12 Guard Tower
14:20 Scout Tower
14:22 Scout Tower
14:24 Scout Tower
14:32 Farm
14:46 Guard Tower
14:57 Farm
15:26 Guard Tower
15:47 Guard Tower
16:21 Farm
19:07 Scout Tower
19:08 Scout Tower
19:43 Scout Tower
19:45 Scout Tower
19:49 Scout Tower
19:56 Scout Tower
19:59 Scout Tower
20:02 Scout Tower
20:18 Guard Tower
20:49 Guard Tower
20:53 Scout Tower
20:54 Scout Tower
20:56 Scout Tower
20:59 Scout Tower
21:03 Scout Tower
21:06 Scout Tower
21:10 Scout Tower
21:20 Guard Tower
21:20 Guard Tower
21:26 Scout Tower
21:47 Guard Tower
21:50 Guard Tower
21:54 Scout Tower
21:55 Scout Tower
21:56 Scout Tower
21:58 Guard Tower
22:00 Scout Tower
22:01 Scout Tower
22:03 Scout Tower
22:28 Farm
22:29 Farm
22:49 Guard Tower
22:51 Guard Tower
22:55 Lumber Mill
24:52 Guard Tower
25:07 Guard Tower
26:00 Farm
26:04 Scout Tower
26:05 Scout Tower
26:10 Scout Tower
26:11 Scout Tower
26:13 Scout Tower
26:15 Scout Tower
26:15 Scout Tower
26:17 Scout Tower
26:18 Scout Tower
27:05 Guard Tower
28:05 Guard Tower
28:40 Scout Tower
28:42 Scout Tower
31:11 Guard Tower
34:38 Town Hall
34:47 Scout Tower
34:48 Scout Tower
34:48 Scout Tower
34:49 Scout Tower
34:49 Scout Tower
34:52 Scout Tower
35:19 Guard Tower
35:23 Guard Tower
35:24 Guard Tower
35:35 Scout Tower
35:36 Scout Tower
35:37 Scout Tower
35:38 Scout Tower
35:39 Scout Tower
35:40 Scout Tower
35:41 Scout Tower
35:41 Scout Tower
36:24 Town Hall
37:24 Guard Tower
37:25 Guard Tower
37:35 Guard Tower
37:35 Guard Tower
44:01 Town Hall
» items
| Staff of Teleportation | 2 | |
| Boots of Speed | 2 | |
| Healing Salve | 2 | |
| Lesser Clarity Potion | 7 | |
| Staff of Sanctuary | 2 | |
| Scroll of Regeneration | 4 | |
| Orb of Lightning | 2 | |
| Potion of Healing | 4 | |
| Scroll of Town Portal | 3 | |
| Potion of Mana | 1 | |
29 total
Chat log
(00:07 / All) iggy_the_fisk: hey
(00:09 / All) iggy_the_fisk: friends :)
(00:15 / All) iggy_the_fisk: no fiendlame this game pls?
(00:27 / All) PatKuLa-: dont hero lame plz
(00:28 / All) iggy_the_fisk: ok no fiend??
(00:38 / All) iggy_the_fisk: plz fiend imba no fiend
(00:39 / All) iggy_the_fisk: In this game
(00:40 / All) iggy_the_fisk: we play
(00:42 / All) iggy_the_fisk: we dont make fiend
(00:50 / All) All-in.: fuck off nerd
(00:55 / All) PatKuLa-: pa jel ti neko brani?
(00:56 / All) iggy_the_fisk: why
(00:58 / All) iggy_the_fisk: No please
(00:58 / All) dogsandhorse.ru: ENGLISH
(01:05 / All) TIMG4STRok: TECKENOMVENDLINGSTABELLER
(01:09 / All) PatKuLa-: WHY SHOUDNT WE MAKE FIENDS?
(01:13 / All) iggy_the_fisk: is imba
(01:17 / All) PatKuLa-: IL MAKE ANY UNIT I WANT
(01:25 / All) iggy_the_fisk: FINE
(01:27 / All) iggy_the_fisk: have it that way
(01:37 / All) PatKuLa-: are fiends illegal?
(01:51 / All) dogsandhorse.ru: no....we are just asking kindly
(01:57 / All) dogsandhorse.ru: play a manner game....dont make spider
(02:00 / All) iggy_the_fisk: you act mean maybe people act mean 2 u
(02:30 / All) PatKuLa-: why u make towers???
(02:51 / All) TIMG4STRok: why u stuff dick down throat???
(03:07 / All) TIMG4STRok: dogs and horse . ru gau
(03:09 / All) TIMG4STRok: gay**?
(06:27 / All) iggy_the_fisk: Lol noob
(14:09 / All) TIMG4STRok: funny how a stupID DUMB fucking russian attard has to maphack,
(14:29 / All) PatKuLa-: mb i just run over map? idiot....its pure luck
(14:43 / All) TIMG4STRok: lmfao, no skill all hack rolfs At u
(16:51 / All) iggy_the_fisk: QUIT NOOBS
(17:31 / All) iggy_the_fisk: LEAVE RU RETARD
(17:34 / All) dogsandhorse.ru: wow
(17:36 / All) dogsandhorse.ru: u bad
(17:38 / All) dogsandhorse.ru: @ video gam
(17:49 / All) PatKuLa-: ur suck tower noobs
(18:10 / All) PatKuLa-: if this game had no towers u woundnt play it at all so plz stfu and buy skiLL
(18:15 / All) dogsandhorse.ru: maybe true
(18:18 / All) iggy_the_fisk: not our fault
(18:22 / All) iggy_the_fisk: you turn down manner game
(18:23 / All) iggy_the_fisk: with fiendlame
(18:35 / All) iggy_the_fisk: we say hey let's be friends have nice game
(18:39 / All) iggy_the_fisk: you say "fuck you"
(18:48 / All) PatKuLa-: U CANT FORBID ME TO MAKE UNITS
(18:57 / All) iggy_the_fisk: cant forbid us to make tower then rutard
(20:03 / All) iggy_the_fisk: hope fiends were worth it
(21:14 / All) TIMG4STRok: rofls at russia disguise hack
(38:17 / All) dogsandhorse.ru: LMFAO
(40:05 / All) TIMG4STRok: lmfao
(40:24 / All) dogsandhorse.ru: OWNAGE!
(40:38 / All) PatKuLa-: stfu agagagaga
(42:18 / All) iggy_the_fisk: "Hey i can make fiends if i want to fuck you"
(42:22 / All) iggy_the_fisk: Good call boris
(42:31 / All) dogsandhorse.ru: this is what u get
(42:36 / All) dogsandhorse.ru: when u make fiends :)
(42:48 / All) dogsandhorse.ru: this is our righteous revenge
(43:27 / All) dogsandhorse.ru: bye
(43:28 / All) dogsandhorse.ru: bye pink
(44:00 / All) dogsandhorse.ru: steams to me ur base on fire